Map: Interloper LE

Players

Winthrowe

  • Race: Terran Terran
  • Spawn Location: 5:00

A.I. 1 (Hard) - Winner!

  • Race: Terran Terran
  • Spawn Location: 11:00

VOD

Have the link to the VOD?

Description

Time

  • Played on: Aug. 16, 2017, 10:03 p.m.
  • Length: 6:07
Show
View Real Time Build Order
Export as new Build Order

Winthrowe Terran 

Build Orders:  

Get SALT Encoding   

  12  0:16  Supply Depot  
  12  0:18  SCV  
  13  0:32  SCV  
  14  0:40  Barracks  
  14  0:44  SCV  
  15  1:04  SCV  
  16  1:16  SCV  
  17  1:28  SCV  
  17  1:32  Refinery  
  18  1:48  SCV  
  18  1:50  Engineering Bay  
  19  2:27  Engineering Bay  
  19  2:28  Command Center  
  19  2:34  Barracks Reactor  
  19  2:44  SCV  
  20  2:52  Refinery  
  20  2:56  SCV  
  21  3:08  SCV  
  22  3:20  SCV  
  23  3:30  Barracks  
  23  3:40  Marine x2  
  25  3:45  Supply Depot  
  25  3:46  SCV  
  26  3:58  Marine x2, SCV  
  26  3:59  SCV  
  30  4:07  Supply Depot  
  30  4:11  SCV x2  
  30  4:15  Marine x2  
  34  4:23  SCV x2  
  36  4:29  Supply Depot  
  36  4:32  Barracks Tech Lab  
  36  4:33  Marine x2  
  36  4:35  Factory, SCV  
  39  4:51  Marine x2  
  39  4:52  Supply Depot  
  41  5:09  Marine x2  
  43  5:24  Marauder  
  43  5:27  Marine x2  
  47  5:28  Ghost Academy  
  35  5:44  Marine  
  35  5:45  Marauder  
Show
View Real Time Build Order
Export as new Build Order

A.I. 1 (Hard) Terran - Winner!

Build Orders:  

Get SALT Encoding   

  12  0:00  SCV  
  13  0:13  SCV  
  14  0:19  Supply Depot  
  14  0:25  SCV  
  15  0:40  SCV  
  15  0:42  Barracks  
  16  0:49  Refinery  
  16  0:52  SCV  
  17  1:04  SCV  
  18  1:16  SCV  
  19  1:22  Supply Depot  
  19  1:29  Marine, SCV  
  21  1:42  Orbital Command, Barracks  
  21  1:46  Marine  
  22  1:49  Refinery  
  22  2:05  Barracks Tech Lab  
  22  2:09  Supply Depot  
  22  2:23  Marine  
  22  2:28  Marine  
  24  2:41  Marine  
  25  2:46  Marine  
  25  2:48  Supply Depot  
  26  2:55  SCV  
  27  2:59  Marine  
  27  3:04  Marine  
  29  3:07  SCV  
  29  3:08  Engineering Bay  
  30  3:17  Marine  
  30  3:19  SCV  
  32  3:22  Marine  
  32  3:25  Supply Depot  
  33  3:31  SCV  
  34  3:34  Marine  
  35  3:43  SCV  
  36  3:53  Marauder  
  38  3:56  SCV  
  39  4:14  Marauder  
  41  4:36  Marauder  
  43  4:55  Barracks Tech Lab  
  43  4:58  Factory  
  43  5:01  Factory  
  43  5:04  Command Center  
  40  5:36  Marine  
  40  5:37  Missile Turret  
  39  5:44  Marine, Factory Tech Lab x2  
  39  5:46  Starport  
  39  5:49  Starport  
  40  5:50  Missile Turret  
  39  6:03  Supply Depot  
Tags
 
Matchup
TvT
Race
Terran
Spawn Locations
Cross Positions
Add a new tag
Caveats
  • Supply blocks, unpowered buildings, or Contaminate may cause inaccurate times.
  • Supply counts are checked every 10 seconds.